Workbook

Sheet Settings
A1: Settings
A3: Company Details
A5: Company Name | B5: C Limited | E5: Enable
A6: Company Branch | B6: Nairobi | E6: Enable
A7: Company Bank Acct. Name | B7: C Limited | E7: Enable
A8: Company Bank Acct. No. | B8: 670555570635 | E8: Disable
A9: Company Bank Name | B9: Chase Bank | E9: Enable
A10: Company Bank Acct. Branch | B10: WoteE | E10: Disable
A11: Company Slogan (Optional) | B11: Full Cycle | E11: Enable
A13: Company Address
A15: Building/House Number | B15: P.O Box xxxxx
A16: Street | B16: Kenyatta Avenue
A17: Town/City | B17: GPO
A18: County/Province | B18: Nairobi | D18: (Optional)
A19: State/Province | B19: Nairobi | D19: (Optional)
A20: ZIP/Postal Code | B20: 00100
A22: Tel. | B22: +2547xxxxxxxxx
A23: Fax | B23: #
A24: E-mail | B24: ben@benardmakaa.com
A25: Website | B25: www.benardmakaa.com
A27: Person/Department to contact | B27: BenaXX XXXX
A28: Contact Tel. Number | B28: +254738415555
A30: Country Specific Settings
A32: Select Relevant | B32: VAT
A34: Currency Symbol | B34: $
A36: Color Scheme
A38: Design Picker | B38: Blue

Sheet Sample Invoice
K1: Invoice
L2: =Settings!B38 -> Blue
C3: NAME OR LOGO HERE
H4: Date: | J4: =TODAY() -> 44476
H5: Invoice #: | J5: INV-002
H6: Customer ID: | J6: [WEB16/17 ]
H7: Purchase Order # | J7: [002]
H8: Payment Due by: | J8: =J4+18 -> 44494
A10: Bill To: | H10: Ship To (If Different):
A12: Apex Ltd
A13: 1st Floor, Office No. 25
A14: ,Nairobi
A17: Description | H17: Qty | I17: Cost | J17: Line Total | N17: WAYS OF SENDING AN INVOICE TO A CLIENT
N18: Do not send an Excel Invoice file to your clients, use PDF converter/printer to create a PDF file, that can be sent to clients via email, alternative method is to print it and send by mail service.
A19: Web Hosting Per Year | H19: 1 | I19: 10 | J19: =H19*I19 -> 10
J21: =H21*I21 -> 0
J23: =H23*I23 -> 0
J24: =H24*I24 -> 0
J25: =H25*I25 -> 0
J26: =H26*I26 -> 0
J27: =H27*I27 -> 0
J28: =H28*I28 -> 0
J29: =H29*I29 -> 0
J30: =H30*I30 -> 0
J31: =H31*I31 -> 0
J32: =H32*I32 -> 0
J33: =H33*I33 -> 0
J34: =H34*I34 -> 0
A36: Special Notes and Instructions | I36: Subtotal | J36: Ksh. | K36: =SUM(J19:K33) -> 10 | M36: ← | N36: Check this formula after adding or deleting rows
A37: Hosting & Domain is charged yearly, | I37: =Settings!$B$32&" Rate" -> VAT Rate | M37: ← | N37: Enter the tax rate, if applicable
A38: total per year | I38: =Settings!$B$32 -> VAT | J38: Ksh. | K38: =K36*J37 -> 0
I39: Deposit(so far) | J39: Ksh. | M39: ← | N39: Enter the cost of Shipping & Handling, if applicable
I40: Discount | J40: Ksh. | M40: ← | N40: Enter the amount of Discount, if applicable
I41: Total | J41: Ksh. | K41: =SUM(K36-K40,K38,K39) -> 10
A45: Thank you for your business!
A47: ="Should you have any enquiries concerning this invoice, please contact "&Settings!$B$27&" on "&Settings!$B$28 -> Should you have any enquiries concerning this invoice, please contact BenaXX XXXX on +254738415555
A49: =Settings!$B$15&" "&Settings!$B$16&", "&Settings!$B$17&IF(ISBLANK(Settings!$B$18),", ",", "&Settings!$B$18&", ")&IF(ISBLANK(Settings!$B$19),"",""&Settings!$B$19&", ")&Settings!$B$20 -> P.O Box xxxxx Kenyatta Avenue, GPO, Nairobi, Nairobi, 00100
A50: ="Tel: "&Settings!$B$22&" Fax: "&Settings!$B$23&IF(ISBLANK(Settings!$B$24)," "," E-mail: "&Settings!$B$24)&IF(ISBLANK(Settings!$B$25)," "," Web: "&Settings!$B$25) -> Tel: +2547xxxxxxxxx Fax: # E-mail: ben@benardmakaa.com Web: www.benardmakaa.com

Sheet Invoice 2
A1: =IF(Settings!$E$5="Enable",Settings!$B$5,"") -> C Limited | K1: Invoice
A2: =IF(Settings!$E$11="Enable",Settings!$B$11,"") -> Full Cycle | L2: =Settings!$B$38 -> Blue
H4: Date: | J4: =TODAY() -> 44476
H5: Invoice #: | J5: INV-00000
H6: Customer ID: | J6: [ABC12345]
H7: Purchase Order # | J7: 12345678
H8: Payment Due by: | J8: =J4+30 -> 44506
A10: Bill To: | H10: Ship To (If Different):
A11: [Name] | H11: [Name]
A12: [Company Name] | H12: [Company Name]
A13: [Street Address] | H13: [Street Address]
A14: [City, ST ZIP Code] | H14: [City, ST ZIP Code]
A15: [Phone] | H15: [Phone]
A17: Description | J17: Line Total | N17: WAYS OF SENDING AN INVOICE TO A CLIENT
A18: Printing and Binding (160*$1.75/each) | J18: 280 | N18: Do not send an Excel Invoice file to your clients, use PDF converter/printer to create a PDF file, that can be sent to clients via email, alternative method is to print it and send by mail service.
A19: A4 Printing Paper (10*$15.20/5*500 Sheets) | J19: 152
A36: Special Notes and Instructions | I36: Subtotal | J36: =IF(ISBLANK($K36),"",Settings!$B$34) -> $ | K36: =SUM($J$18:$J$34) -> 432 | M36: ← | N36: Check this formula after adding or deleting rows
I37: =Settings!$B$32&" Rate" -> VAT Rate | J37: 0 | M37: ← | N37: Enter the tax rate, if applicable
I38: =Settings!$B$32 -> VAT | J38: =IF(ISBLANK($K38),"",Settings!$B$34) -> $ | K38: =$K$36*$J$37 -> 0
I39: S&H | J39: =IF(ISBLANK($K39),"",Settings!$B$34) -> $ | K39: 0 | M39: ← | N39: Enter the cost of Shipping & Handling, if applicable
I40: Discount | J40: =IF(ISBLANK($K40),"",Settings!$B$34) -> $ | K40: 0 | M40: ← | N40: Enter the amount of Discount, if applicable
I41: Total | J41: =IF(ISBLANK($K41),"",Settings!$B$34) -> $ | K41: =SUM(K36-K40,K38,K39) -> 432
A43: ="Make all checks payable to "&Settings!$B$5 -> Make all checks payable to C Limited
A45: Thank you for your business!
A47: ="Should you have any enquiries concerning this invoice, please contact "&Settings!$B$27&" on "&Settings!$B$28 -> Should you have any enquiries concerning this invoice, please contact BenaXX XXXX on +254738415555
A49: =Settings!$B$15&" "&Settings!$B$16&", "&Settings!$B$17&IF(ISBLANK(Settings!$B$18),", ",", "&Settings!$B$18&", ")&IF(ISBLANK(Settings!$B$19),"",""&Settings!$B$19&", ")&Settings!$B$20 -> P.O Box xxxxx Kenyatta Avenue, GPO, Nairobi, Nairobi, 00100
A50: ="Tel: "&Settings!$B$22&" Fax: "&Settings!$B$23&IF(ISBLANK(Settings!$B$24)," "," E-mail: "&Settings!$B$24)&IF(ISBLANK(Settings!$B$25)," "," Web: "&Settings!$B$25) -> Tel: +2547xxxxxxxxx Fax: # E-mail: ben@benardmakaa.com Web: www.benardmakaa.com

Sheet Invoice 3 (Landscape)
A1: =IF(Settings!$E$5="Enable",Settings!$B$5,"") -> C Limited | P1: Invoice
A2: =IF(Settings!$E$11="Enable",Settings!$B$11,"") -> Full Cycle | Q2: =Settings!$B$38 -> Blue
A8: Bill To: | G8: Ship To (If Different): | M8: Date: | O8: =TODAY() -> 44476
A9: [Name] | G9: [Name] | M9: Invoice #: | O9: INV-00000
A10: [Company Name] | G10: [Company Name] | M10: Customer ID: | O10: [ABC12345]
A11: [Street Address] | G11: [Street Address] | M11: Purchase Order # | O11: 12345678
A12: [City, ST ZIP Code] | G12: [City, ST ZIP Code] | M12: Payment Due by: | O12: =O8+30 -> 44506
A13: [Phone] | G13: [Phone]
A15: Description | O15: Line Total
A16: Printing and Binding (160*$1.75/each) | O16: 280 | S16: WAYS OF SENDING AN INVOICE TO A CLIENT
A17: A4 Printing Paper (10*$15.20/5*500 Sheets) | O17: 152
S18: Do not send an Excel Invoice file to your clients, use PDF converter/printer to create a PDF file, that can be sent to clients via email, alternative method is to print it and send by mail service.
A33: Special Notes and Instructions | N33: Subtotal | O33: =IF(ISBLANK($P33),"",Settings!$B$34) -> $ | P33: =SUM($O$16:$O$31) -> 432 | R33: ← | S33: Check this formula after adding or deleting rows
N34: =Settings!$B$32&" Rate" -> VAT Rate | O34: 0 | R34: ← | S34: Enter the tax rate, if applicable
N35: =Settings!$B$32 -> VAT | O35: =IF(ISBLANK($P35),"",Settings!$B$34) -> $ | P35: =$P$33*$P$34 -> 0
N36: S&H | O36: =IF(ISBLANK($P36),"",Settings!$B$34) -> $ | P36: 0 | R36: ← | S36: Enter the cost of Shipping & Handling, if applicable
N37: Discount | O37: =IF(ISBLANK($P37),"",Settings!$B$34) -> $ | P37: 0 | R37: ← | S37: Enter the amount of Discount, if applicable
N38: Total | O38: =IF(ISBLANK($P38),"",Settings!$B$34) -> $ | P38: =SUM($P$33-$P$37,$P$35,$P$36) -> 432
N39: Make all checks payable to:
A40: Thank you for your business! | N40: =Settings!$B$5 -> C Limited
A41: ="Should you have any enquiries concerning this invoice, please contact "&Settings!$B$27&" on "&Settings!$B$28 -> Should you have any enquiries concerning this invoice, please contact BenaXX XXXX on +254738415555
A42: =Settings!$B$15&" "&Settings!$B$16&", "&Settings!$B$17&IF(ISBLANK(Settings!$B$18),", ",", "&Settings!$B$18&", ")&IF(ISBLANK(Settings!$B$19),"",""&Settings!$B$19&", ")&Settings!$B$20 -> P.O Box xxxxx Kenyatta Avenue, GPO, Nairobi, Nairobi, 00100
A43: ="Tel: "&Settings!$B$22&" Fax: "&Settings!$B$23&IF(ISBLANK(Settings!$B$24)," "," E-mail: "&Settings!$B$24)&IF(ISBLANK(Settings!$B$25)," "," Web: "&Settings!$B$25) -> Tel: +2547xxxxxxxxx Fax: # E-mail: ben@benardmakaa.com Web: www.benardmakaa.com

Sheet Invoice 4 (Landscape)
A1: =IF(Settings!$E$5="Enable",Settings!$B$5,"") -> C Limited | P1: Invoice
A2: =IF(Settings!$E$11="Enable",Settings!$B$11,"") -> Full Cycle | Q2: =Settings!$B$38 -> Blue
A8: Bill To: | G8: Ship To (If Different): | M8: Date: | O8: =TODAY() -> 44476
A9: [Name] | G9: [Name] | M9: Invoice #: | O9: INV-00000
A10: [Company Name] | G10: [Company Name] | M10: Customer ID: | O10: [ABC12345]
A11: [Street Address] | G11: [Street Address] | M11: Purchase Order # | O11: 12345678
A12: [City, ST ZIP Code] | G12: [City, ST ZIP Code] | M12: Payment Due by: | O12: =O8+30 -> 44506
A13: [Phone] | G13: [Phone]
A15: Description | O15: Line Total
A16: Printing and Binding (160*$1.75/each) | O16: 280 | S16: WAYS OF SENDING AN INVOICE TO A CLIENT
A17: A4 Printing Paper (10*$15.20/5*500 Sheets) | O17: 152
S18: Do not send an Excel Invoice file to your clients, use PDF converter/printer to create a PDF file, that can be sent to clients via email, alternative method is to print it and send by mail service.
A33: Special Notes and Instructions | N33: Subtotal | O33: =IF(ISBLANK($P33),"",Settings!$B$34) -> $ | P33: =SUM($O$16:$O$31) -> 432 | R33: ← | S33: Check this formula after adding or deleting rows
N34: =Settings!$B$32&" Rate" -> VAT Rate | O34: 0 | R34: ← | S34: Enter the tax rate, if applicable
N35: =Settings!$B$32 -> VAT | O35: =IF(ISBLANK($P35),"",Settings!$B$34) -> $ | P35: =$P$33*$P$34 -> 0
N36: S&H | O36: =IF(ISBLANK($P36),"",Settings!$B$34) -> $ | P36: 0 | R36: ← | S36: Enter the cost of Shipping & Handling, if applicable
N37: Discount | O37: =IF(ISBLANK($P37),"",Settings!$B$34) -> $ | P37: 0 | R37: ← | S37: Enter the amount of Discount, if applicable
N38: Total | O38: =IF(ISBLANK($P38),"",Settings!$B$34) -> $ | P38: =SUM($P$33-$P$37,$P$35,$P$36) -> 432
N39: Make all checks payable to:
A40: Thank you for your business! | N40: =Settings!$B$5 -> C Limited
A41: ="Should you have any enquiries concerning this invoice, please contact "&Settings!$B$27&" on "&Settings!$B$28 -> Should you have any enquiries concerning this invoice, please contact BenaXX XXXX on +254738415555
A42: =Settings!$B$15&" "&Settings!$B$16&", "&Settings!$B$17&IF(ISBLANK(Settings!$B$18),", ",", "&Settings!$B$18&", ")&IF(ISBLANK(Settings!$B$19),"",""&Settings!$B$19&", ")&Settings!$B$20 -> P.O Box xxxxx Kenyatta Avenue, GPO, Nairobi, Nairobi, 00100
A43: ="Tel: "&Settings!$B$22&" Fax: "&Settings!$B$23&IF(ISBLANK(Settings!$B$24)," "," E-mail: "&Settings!$B$24)&IF(ISBLANK(Settings!$B$25)," "," Web: "&Settings!$B$25) -> Tel: +2547xxxxxxxxx Fax: # E-mail: ben@benardmakaa.com Web: www.benardmakaa.com

Sheet EULA
A1: Terms of Use - EULA
I3: © 2013 Spreadsheet123 LTD. All rights reserved
A5: IMPORTANT—READ CAREFULLY:
A6: This End-User License Agreement (”EULA”) is a legal agreement between you and Spreadsheet123.com that
A7: covers all Microsoft Excel and OpenOffice.org templates or spreadsheets (”TEMPLATES”) and software ("SOFTWARE") made
A8: by Spreadsheet123.com.
A10: By downloading, copying, accessing or otherwise using any TEMPLATES or/and SOFTWARE, you agree to be bound by the
A11: terms of this EULA.
A13: TEMPLATES LICENSE
A14: This TEMPLATE is protected by copyright laws and international copyright treaties, as well as other intellectual
A15: property laws and treaties. Each TEMPLATE is licensed, not sold.
A17: 1. GRANT OF LICENSE.
A18: This EULA grants you the right to download this TEMPLATE free of charge for personal use or use within your company
A19: or organization.
... A55: damages, so the above limitation may not apply to you.
